 Dungeon Crawl Stone Soup version 0.30-a0-341-g682706514a (webtiles) character file.

Game seed: 2393023103679591354

32764 ytrimaz the Severer (level 14, -1/115 HPs)
             Began as a Formicid Fighter on Nov 3, 2022.
             Was a High Priest of Okawaru.
             Slain by a 17-headed hydra (8 damage)
             ... on level 4 of the Lair of Beasts.
             The game lasted 00:25:41 (18370 turns).

ytrimaz the Severer (Formicid Fighter)             Turns: 18370, Time: 00:25:41

Health: -1/115     AC: 21    Str: 24    XL:     14   Next: 4%
Magic:  19/20      EV: 17    Int: 14    God:    Okawaru [*****.]
Gold:   1014       SH: 12    Dex: 13    Spells: 13/13 levels left

rFire   . . .      SeeInvis +    t - +5 hand axe (freeze)
rCold   + + +      Faith    .    c - +0 buckler
rNeg    . . .      Spirit   .    u - +0 plate armour
rPois   +          Reflect  +    (helmet unavailable)
rElec   .          Harm     .    D - +1 cloak
rCorr   .          Rampage  .    P - +0 pair of gloves "Citiedat" {rPois rC+++ Slay+2 Stlth-}
Will    +....                    K - +0 pair of boots of a volcano {Int+4}
Stlth   ..........               J - amulet of reflection
HPRegen 0.39/turn                g - +4 ring of evasion
MPRegen 0.17/turn                p - +4 ring of evasion

@: heroic
A: permanent stasis, dig shafts and tunnels, antennae 3, four strong arms
a: Dig, Shaft Self, Renounce Religion, Heroism, Finesse, Duel


You were on level 4 of the Lair of Beasts.
You worshipped Okawaru.
Okawaru was extremely pleased with you.
You visited 2 branches of the dungeon, and saw 17 of its levels.
You visited 1 bazaar.
You also visited: Sewer.

You collected 1329 gold pieces.
You spent 315 gold pieces at shops.


Innate Abilities, Weirdness & Mutations

You cannot be hasted, slowed, berserked, paralysed or teleported.
You can dig through walls and to a lower floor.
You have a pair of large antennae on your head. (SInv)
Your four strong arms can wield two-handed weapons with a shield.


   Skills:
 - Level 12.0(17.0) Fighting
 - Level 17.0(22.0) Axes
 + Level 7.6(12.6) Armour
 + Level 9.1(14.1) Shields
 - Level 9.0 Invocations


You had 13 spell levels left.
You didn't know any spells.
Your spell library contained the following spells:

 Spells                   Type           Power      Damage    Failure   Level
 Sandblast                Erth           0%         2d4       96%         1
 Cigotuvi's Dreadful Rot  Necr/Pois/Air  0%         N/A       99%         2
 Ensorcelled Hibernation  Hex/Ice        0%         N/A       99%         2
 Momentum Strike          Conj/Tloc      0%         3d8       99%         2
 Passwall                 Tmut/Erth      0%         N/A       99%         2
 Poisonous Vapours        Pois/Air       0%         N/A       99%         2
 Lesser Beckoning         Tloc           0%         N/A       100%        3
 Mephitic Cloud           Conj/Pois/Air  0%         N/A       100%        3
 Portal Projectile        Hex/Tloc       0%         N/A       100%        3
 Stone Arrow              Conj/Erth      0%         3d7       100%        3
 Airstrike                Air            0%         2d(0-16)  100%        4
 Alistair's Intoxication  Tmut/Pois      0%         N/A       100%        5
 Blade Hands              Tmut           0%         N/A       100%        5
 Borgnjor's Vile Clutch   Necr/Erth      0%         N/A       100%        5
 Silence                  Hex/Air        0%         N/A       100%        5
 Eringya's Noxious Bog    Tmut/Pois      0%         N/A       100%        6
 Blink                    Tloc           Unusable   N/A       N/A         2
 Swiftness                Air            Unusable   N/A       N/A         3
 Tukima's Dance           Hex            Unusable   N/A       N/A         3
 Summon Mana Viper        Hex/Summ       Unusable   N/A       N/A         5

Inventory:

Hand Weapons
 a - a +0 war axe
 t - a +5 hand axe of freezing (weapon)
   (You took it off an orc on level 4 of the Dungeon)
 C - a +0 vorpal battleaxe
   (You took it off a wight on level 7 of the Dungeon)
 M - a +5 battleaxe
   (You took it off Urug on level 3 of the Lair of Beasts)
Missiles
 i - 2 throwing nets
 l - 4 curare-tipped darts
 N - 4 javelins
 O - 5 atropa-tipped darts
Armour
 c - a +0 buckler (worn)
 m - a +0 kite shield
   (You found it on level 3 of the Dungeon)
 u - a +0 plate armour (worn)
   (You found it on level 4 of the Dungeon)
 D - a +1 cloak (worn)
   (You found it on level 7 of the Dungeon)
 K - the +0 pair of boots of a volcano (worn) {Int+4}
   (Okawaru gifted it to you on level 12 of the Dungeon)

   Int:       It affects your intelligence (+4).
 P - the +0 pair of gloves "Citiedat" (worn) {rPois rC+++ Slay+2 Stlth-}
   (You acquired it on level 5 of the Lair of Beasts)

   Slay:      It affects your accuracy & damage with ranged weapons and melee
   (+2).
   rC:        It renders you almost immune to cold.
   rPois:     It protects you from poison.
   Stlth:     It makes you less stealthy.
Jewellery
 g - a +4 ring of evasion (left hand)
   (You found it on level 1 of the Dungeon)
 k - a ring of willpower
   (You found it on level 1 of the Dungeon)
 p - a +4 ring of evasion (right hand)
   (You found it on level 3 of the Dungeon)
 q - a ring of magical power
   (You found it on level 2 of the Lair of Beasts)
 x - a +6 ring of strength
   (You found it on level 5 of the Dungeon)
 F - a ring of flight
   (You found it on level 9 of the Dungeon)
 J - an amulet of reflection (around neck)
   (You found it on level 12 of the Dungeon)
 R - a ring of wizardry
   (You found it on level 4 of the Lair of Beasts)
Wands
 y - a wand of roots (10) (quivered)
   (You found it on level 6 of the Dungeon)
 z - a wand of mindburst (10)
   (You found it on level 6 of the Dungeon)
 G - a wand of flame (26)
   (You found it on level 9 of the Dungeon)
 L - a wand of light (6)
   (You found it on level 3 of the Lair of Beasts)
Scrolls
 b - 2 scrolls of summoning
 j - 3 scrolls of poison
 s - 2 scrolls of enchant armour
 v - 7 scrolls of fog
 w - a scroll of amnesia
Potions
 d - 2 potions of might
 e - 16 potions of curing
 f - 3 potions of brilliance
 h - 3 potions of heal wounds
 n - a potion of attraction
 o - a potion of magic
 r - 2 potions of mutation
 B - 2 potions of ambrosia
 E - a potion of resistance
 H - 2 potions of lignification
 I - a potion of cancellation

Dungeon Overview and Level Annotations

Branches:
Dungeon (12/15) Zot: 25765  Temple (0/1) D:5            Lair (5/5) D:8 Zot: 24779
  Swamp (0/4) Lair:2       Spider (0/4) Lair:2        Slime (0/5) Lair:4
    Orc (0/2) D:9           Sewer (visited)

Altars:
Ashenzari
Elyvilon
Kikubaaqudgha
Okawaru
Sif Muna
Trog
Zin
The Shining One
Jiyva
Lugonu

Annotations:
D:3 3 runed translucent doors, koil's ghost, weakling SpEn
D:11 2 transporters, Encipher's ghost, novice DrRe

##..##.###.......#...
#..##..P##.....[...#.
#...##P...#.>....P##.
#..########....#.###.
#...####.####...)# #.
##.#.##...###..#.###.
###.#....##.......#.
##8D8#....##.......#
##..@..............#.
#.#8.8###.#........##
####..##............#
#.#..#.............P
#...................
##..#.#.#..#..P..>..
######.#P....#.....
#..P..#.#.....
#....##.#.....


You could see a 17-headed hydra (rooted).


Message History

The roots release their grip on the 17-headed hydra.
The 17-headed hydra bites you but does no damage.
The 17-headed hydra barely misses you. The 17-headed hydra bites you.
* * * LOW HITPOINT WARNING * * *
The 17-headed hydra bites you but does no damage.
The 17-headed hydra barely misses you. x2
You block the 17-headed hydra's attack. x2; The 17-headed hydra bites you!
* * * LOW HITPOINT WARNING * * *
The 17-headed hydra completely misses you.
The 17-headed hydra bites you but does no damage.
The 17-headed hydra bites you!
* * * LOW HITPOINT WARNING * * *
The 17-headed hydra bites you but does no damage.
The 17-headed hydra closely misses you. You block the 17-headed hydra's attack.
The 17-headed hydra bites you.
* * * LOW HITPOINT WARNING * * *
The 17-headed hydra bites you.
* * * LOW HITPOINT WARNING * * *
Unknown command. 😱 HP[-34] MP[-2]
You take 34 damage, and now have 15/115 hp.
MASSIVE DAMAGE!! (PAUSE)
You lost 2 mp, and now have 18/20 mp.
Unknown command.
Aiming: Fastroot
Press: ? - help, Q - select action, (/) - cycle Shift-Dir - straight line, f/p - 17-headed hydra
Aim: a 17-headed hydra (severely wounded)
The roots erupt in riotous growth!
Roots grab the 17-headed hydra.
The grasping roots constrict the 17-headed hydra!
The 17-headed hydra barely misses you.
The 17-headed hydra bites you but does no damage.
You block the 17-headed hydra's attack.
The 17-headed hydra bites you but does no damage.
You block the 17-headed hydra's attack. x2
The 17-headed hydra bites you but does no damage.
The 17-headed hydra bites you!
* * * LOW HITPOINT WARNING * * *
The 17-headed hydra bites you but does no damage.
You block the 17-headed hydra's attack.
The 17-headed hydra bites you but does no damage.
The 17-headed hydra completely misses you.
The 17-headed hydra misses you.
The 17-headed hydra bites you but does no damage.
The 17-headed hydra barely misses you.
The 17-headed hydra bites you but does no damage.
The 17-headed hydra completely misses you. 😱 HP[-7]
You take 7 damage, and now have 8/115 hp.
Unknown command.
The grasping roots constrict the 17-headed hydra.
The roots release their grip on the 17-headed hydra.
You feel much better. The 17-headed hydra bites you.
* * * LOW HITPOINT WARNING * * *
You block the 17-headed hydra's attack. x2; The 17-headed hydra bites you!
* * * LOW HITPOINT WARNING * * *
You block the 17-headed hydra's attack. The 17-headed hydra bites you!
* * * LOW HITPOINT WARNING * * *
The 17-headed hydra closely misses you. The 17-headed hydra bites you.
* * * LOW HITPOINT WARNING * * *
The 17-headed hydra bites you.
* * * LOW HITPOINT WARNING * * *
The 17-headed hydra barely misses you. The 17-headed hydra closely misses you.
The 17-headed hydra misses you. The 17-headed hydra closely misses you.
The 17-headed hydra bites you.
* * * LOW HITPOINT WARNING * * *
The 17-headed hydra closely misses you. The 17-headed hydra misses you.
The 17-headed hydra closely misses you.
Unknown command. 😱 HP[-5]
You take 5 damage, and now have 3/115 hp.
You feel much better.
The 17-headed hydra bites you but does no damage. x2
The 17-headed hydra bites you.
* * * LOW HITPOINT WARNING * * *
The 17-headed hydra bites you but does no damage.
The 17-headed hydra closely misses you. The 17-headed hydra misses you.
You block the 17-headed hydra's attack. The 17-headed hydra barely misses you.
The 17-headed hydra closely misses you. x2
You block the 17-headed hydra's attack. x2; The 17-headed hydra bites you.
* * * LOW HITPOINT WARNING * * *
The 17-headed hydra bites you but does no damage.
The 17-headed hydra bites you.
* * * LOW HITPOINT WARNING * * *
The 17-headed hydra bites you but does no damage. x2 😱 HP[+6] MP[+1]
You regained 6 hp, and now have 9/115 hp.
Unknown command.
Aiming: Fastroot
Press: ? - help, Q - select action, (/) - cycle Shift-Dir - straight line, f/p - 17-headed hydra
Aim: a 17-headed hydra (almost dead)
The roots erupt in riotous growth!
Roots grab the 17-headed hydra.
The grasping roots constrict the 17-headed hydra.
The 17-headed hydra bites you but does no damage.
The 17-headed hydra bites you.
* * * LOW HITPOINT WARNING * * *
You block the 17-headed hydra's attack. x3
The 17-headed hydra barely misses you. The 17-headed hydra bites you!
You die...

Skill      XL: |  1  2  3  4  5  6  7  8  9 10 11 12 13 |
---------------+----------------------------------------+-----
Fighting       | 4 5 6 7 8 10 12 | 12.0
Axes           | 3 4 5 6 7 9 11 14 15 17 | 17.0
Invocations    | 3 8 9 |  9.0
Armour         | 7 |  7.6
Shields        | 9 |  9.1

Action                   |  1- 3 |  4- 6 |  7- 9 | 10-12 | 13-15 || total
-------------------------+-------+-------+-------+-------+-------++-------
Melee: War axe           |    68 |   176 |   106 |       |       ||   350
       Hand axe          |       |       |   222 |   614 |   352 ||  1188
Invok: Heroism           |       |       |     1 |    25 |    12 ||    38
       Finesse           |       |       |       |     3 |     4 ||     7
 Abil: Shaft Self        |       |       |       |       |     1 ||     1
Evoke: Wand              |       |       |       |       |     8 ||     8
  Use: Scroll            |     3 |     1 |    12 |     4 |     6 ||    26
       Potion            |       |     1 |     2 |     3 |     5 ||    11
Armor: Scale mail        |    25 |    65 |    39 |       |    39 ||   168
       Plate armour      |       |       |    91 |   146 |   104 ||   341
Dodge: Dodged            |    41 |   114 |   262 |   266 |   275 ||   958
Block: Buckler           |    23 |    47 |    98 |   102 |   158 ||   428

Levels and vault maps discovered:
D:1:      minmay_arrival_nine_rooms, layout_basic
D:2:      layout_loops_ring, basic_altar, hellmonk_ecumenical_altar_watching_god
D:3:      layout_loops_ring, nicolae_tso_besieged_by_evil, old_standard_altar,
          serial_undead, serial_undead_d, serial_undead_a, serial_undead_c,
          serial_undead_c, gup_sewer_entry_glass, gammafunk_ghost_split,
          chequers_serial_rivers_marsh
D:4:      layout_basic, mainiacjoe_overflow_six_doors_small
D:5:      layout_cave_pods, elyvilon_altar_3, minmay_temple_entry_glass,
          uniq_sigmund
D:6:      layout_basic, lemuel_blue_sif_altar, uniq_eustachio
D:7:      layout_cave_pools
D:8:      layout_basic, lemuel_doored_altar, lair_entry_dummy, the_hattery
D:9:      nicolae_cairo_tiling_very_big, layout_cave_pools,
          lemuel_crystal_altar, hiddenorc2_lemuel, minivault_25
D:10:     kennysheep_kobold_lugonu_temple, layout_loops_corners, uniq_erolcha
D:11:     layout_basic, serial_shops, freezing_bzr, gammafunk_ghost_hive,
          trog_three_pillars_becter
D:12:     layout_grid_maze
Lair:1:   dragon1_lemuel, layout_regular_city, chequers_serial_rivers_large_b,
          infiniplex_staircase_pool, grunt_megastairs_2
Lair:2:   layout_gridlike, swamp_mist, spider_nest_entry_funnel_web,
          infiniplex_staircase_pool_2
Lair:3:   layout_chaotic_city, grunt_megastairs_4, uniq_urug
Lair:4:   layout_loops_ring, slime_entry_1, minmay_holes,
          chequers_serial_rivers_micro_a, small_statue_intersection, uniq_sonja
Lair:5:   gammafunk_lair_ancient_temple, layout_small_grid, serial_bayou_pond_a

Notes
Turn   | Place    | Note
-------+----------+-------------------------------------------
     0 | D:1      | ytrimaz the Formicid Fighter began the quest for the Orb.
     0 | D:1      | Reached XP level 1. HP: 18/18 MP: 1/1
     0 | D:1      | magus.rc [v1.9.6]
   155 | D:1      | Reached XP level 2. HP: 24/24 MP: 2/2
   628 | D:2      | Reached XP level 3. HP: 30/30 MP: 3/3
   765 | D:2      | Reached skill level 4 in Fighting
   781 | D:2      | Noticed a golden eye
   786 | D:2      | Reached skill level 3 in Axes
   786 | D:2      | Found a faded altar of an unknown god.
   796 | D:2      | Noticed a shining eye
   796 | D:2      | Noticed a golden eye
   796 | D:2      | Noticed a floating eye
   836 | D:2      | Reached XP level 4. HP: 37/37 MP: 4/4
   933 | D:2      | Found a glowing golden altar of the Shining One.
   945 | D:2      | You pick up a book of Vapours and begin reading...
   945 | D:2      | You add the spells Poisonous Vapours, Cigotuvi's Dreadful
                  | Rot and Mephitic Cloud to your library.
  1375 | D:3      | Found a glowing golden altar of the Shining One.
  1388 | D:3      | Reached XP level 5. HP: 43/43 MP: 5/5
  1406 | D:3      | Reached skill level 5 in Fighting
  1420 | D:3      | Reached skill level 4 in Axes
  1561 | D:3      | Reached XP level 6. HP: 51/51 MP: 6/6
  1609 | D:3      | Found a broken altar of Ashenzari.
  1665 | D:3      | You pick up a book of Geomancy and begin reading...
  1665 | D:3      | You add the spells Sandblast, Passwall and Stone Arrow to
                  | your library.
  1708 | D:3      | Found a runed translucent gate.
  1708 | D:3      | Found a runed translucent gate.
  1708 | D:3      | Found a runed translucent gate.
  1709 | D:3      | Noticed koil's ghost (weakling SpEn)
  1748 | D:3      | You pick up a book of Weapons and begin reading...
  1748 | D:3      | You add the spells Tukima's Dance, Portal Projectile and
                  | Blade Hands to your library.
  1792 | D:3      | Found a glowing drain.
  1840 | Sewer    | Entered a sewer
  2020 | Sewer    | Reached skill level 6 in Fighting
  2020 | Sewer    | Reached skill level 5 in Axes
  2020 | Sewer    | Reached XP level 7. HP: 24/58 MP: 7/7
  3448 | D:4      | Found an iron altar of Okawaru.
  3477 | D:4      | Became a worshipper of Warmaster Okawaru
  3932 | D:4      | Reached skill level 7 in Fighting
  4109 | D:5      | Entered Level 5 of the Dungeon
  4120 | D:5      | Reached skill level 6 in Axes
  4127 | D:5      | Reached XP level 8. HP: 45/67 MP: 8/8
  4281 | D:5      | Found a staircase to the Ecumenical Temple.
  4592 | D:5      | Noticed Sigmund
  4600 | D:5      | Killed Sigmund
  4600 | D:5      | Reached * piety under Okawaru
  4601 | D:5      | Reached skill level 8 in Fighting
  4606 | D:5      | Reached skill level 7 in Axes
  4874 | D:5      | Found a white marble altar of Elyvilon.
  5277 | D:6      | Found the +7 Throatcutter {drain, coup de grace}
  5551 | D:6      | Noticed Eustachio
  5565 | D:6      | Killed Eustachio
  5566 | D:6      | Reached XP level 9. HP: 61/75 MP: 9/9
  5656 | D:6      | Reached ** piety under Okawaru
  5657 | D:6      | Reached skill level 9 in Fighting
  5927 | D:6      | Found a shimmering blue altar of Sif Muna.
  5978 | D:7      | Reached skill level 8 in Axes
  5991 | D:7      | HP: 18/74 [wight/+0 flail (7)]
  5994 | D:7      | HP: 6/72 [kobold brigand/+0 short sword (4)]
  6103 | D:7      | Noticed a kobold demonologist
  6113 | D:7      | Killed a kobold demonologist
  6114 | D:7      | Reached skill level 10 in Fighting
  6114 | D:7      | Reached skill level 9 in Axes
  6291 | D:7      | Reached *** piety under Okawaru
  6390 | D:7      | Reached XP level 10. HP: 86/86 MP: 10/10
  6790 | D:8      | Reached skill level 11 in Fighting
  6793 | D:8      | Identified the +0 hat "Gest" {rN+ Stlth+}
  6840 | D:8      | Reached skill level 10 in Axes
  7255 | D:8      | Found a glowing silver altar of Zin.
  7346 | D:8      | Found a staircase to the Lair.
  7407 | D:8      | Reached **** piety under Okawaru
  7725 | D:9      | Noticed a manticore
  8224 | D:9      | Killed a manticore
  8225 | D:9      | Reached skill level 12 in Fighting
  8225 | D:9      | Reached skill level 11 in Axes
  8242 | D:9      | Identified the +0 robe of the Rotten God {rF- Str+6 Dex+4}
  8334 | D:9      | Noticed a two-headed ogre
  8347 | D:9      | Killed a two-headed ogre
  8348 | D:9      | Reached XP level 11. HP: 40/95 MP: 9/11
  8699 | D:9      | Reached skill level 12 in Axes
  8800 | D:9      | Found a staircase to the Orcish Mines.
  9154 | D:9      | Found an ancient bone altar of Kikubaaqudgha.
  9329 | D:10     | Entered Level 10 of the Dungeon
  9361 | D:10     | You pick up a book of Spatial Translocations and begin
                  | reading...
  9361 | D:10     | You add the spells Momentum Strike and Lesser Beckoning to
                  | your library.
  9419 | D:10     | Found a corrupted altar of Lugonu.
  9432 | D:10     | Reached skill level 13 in Axes
  9589 | D:10     | Identified the +9 short sword of Laoje {venom, rPois rF+++
                  | Str-4 Dex-2}
  9592 | D:10     | Noticed a two-headed ogre
  9601 | D:10     | Killed a two-headed ogre
  9717 | D:10     | Noticed Erolcha
  9739 | D:10     | Killed Erolcha
  9840 | D:10     | Reached ***** piety under Okawaru
  9846 | D:10     | You add the spells Airstrike and Silence to your library.
  9846 | D:10     | Got the Tome of the Invisible Leylines
  9987 | D:10     | You pick up a book of Burglary and begin reading...
 10112 | D:10     | Reached skill level 14 in Axes
 10319 | D:11     | Noticed a cyclops
 10331 | D:11     | Killed a cyclops
 10541 | D:11     | Found a transporter.
 10541 | D:11     | Found a transporter.
 10574 | D:11     | Found a bloodstained altar of Trog.
 10632 | D:11     | You add the spells Alistair's Intoxication, Borgnjor's Vile
                  | Clutch and Eringya's Noxious Bog to your library.
 10675 | D:11     | Noticed a manticore
 10694 | D:11     | HP: 15/95 [manticore (19)]
 10696 | D:11     | Killed a manticore
 10697 | D:11     | Reached skill level 1 in Invocations
 10701 | D:11     | HP: 14/95 [acid dragon/splash of acid (9)]
 10718 | D:11     | HP: 20/95 [wraith (9)]
 10728 | D:11     | Reached skill level 2 in Invocations
 11013 | D:11     | Found a flickering gateway to a bazaar.
 11020 | Bazaar   | Entered a bazaar
 11177 | Bazaar   | Found Soromab's Distillery.
 11197 | Bazaar   | Found Fant's Book Shop.
 11212 | Bazaar   | Found Manui's Assorted Antiques.
 11242 | Bazaar   | Found Fiog's Book Shop.
 11270 | Bazaar   | Bought a potion of heal wounds for 45 gold pieces
 11270 | Bazaar   | Bought 2 potions of curing for 54 gold pieces
 11270 | Bazaar   | Bought a potion of curing for 27 gold pieces
 11270 | Bazaar   | Bought a potion of resistance for 90 gold pieces
 11270 | Bazaar   | Bought a potion of lignification for 27 gold pieces
 11270 | Bazaar   | Bought a potion of curing for 27 gold pieces
 11270 | Bazaar   | Bought a potion of heal wounds for 45 gold pieces
 11549 | D:11     | Noticed Encipher's ghost (novice DrRe)
 11713 | D:12     | Reached skill level 3 in Invocations
 11773 | D:12     | Identified the +1 robe of Hoikkel {Str+4}
 11843 | D:12     | Reached XP level 12. HP: 98/102 MP: 12/14
 11918 | D:12     | Reached skill level 4 in Invocations
 11930 | D:12     | Reached skill level 5 in Invocations
 12237 | D:12     | Noticed a two-headed ogre
 12248 | D:12     | Killed a two-headed ogre
 12248 | D:12     | Identified the +0 pair of boots of a volcano {Int+4}
                  | (Okawaru gifted it to you on level 12 of the Dungeon)
 12248 | D:12     | Received a gift from Okawaru
 12265 | D:12     | Reached skill level 15 in Axes
 12463 | D:12     | Reached skill level 6 in Invocations
 12969 | Lair:1   | Entered Level 1 of the Lair of Beasts
 13133 | Lair:1   | Reached skill level 7 in Invocations
 13739 | Lair:1   | Reached skill level 8 in Invocations
 13972 | Lair:1   | Noticed a fire dragon
 13994 | Lair:1   | Killed a fire dragon
 14558 | Lair:2   | Reached XP level 13. HP: 108/108 MP: 19/19
 14565 | Lair:2   | Reached skill level 9 in Invocations
 14572 | Lair:2   | Reached skill level 16 in Axes
 14776 | Lair:2   | magus.rc [v1.9.6]
 14891 | Lair:2   | Found a staircase to the Swamp.
 15049 | Lair:2   | Found a hole to the Spider Nest.
 15060 | Lair:2   | HP: 18/108 [wolf spider (10)]
 15904 | Lair:3   | Identified the +2 robe "Goluth Eghey" {Int+6 Dex+7}
 16097 | Lair:3   | Reached skill level 17 in Axes
 16374 | Lair:3   | Reached skill level 4 in Armour
 16378 | Lair:3   | Reached skill level 5 in Shields
 16414 | Lair:3   | Noticed Urug
 16426 | Lair:3   | Killed Urug
 16445 | Lair:3   | Received a gift from Okawaru
 16446 | Lair:3   | HP: 25/108 [yak (10)]
 16449 | Lair:3   | Reached skill level 6 in Shields
 16452 | Lair:3   | Reached skill level 5 in Armour
 17173 | Lair:4   | Noticed an eight-headed hydra
 17183 | Lair:4   | Reached skill level 7 in Shields
 17195 | Lair:4   | Killed a 15-headed hydra
 17196 | Lair:4   | Reached skill level 6 in Armour
 17489 | Lair:4   | Found a viscous altar of Jiyva.
 17489 | Lair:4   | Found a staircase to the Slime Pits.
 17631 | Lair:4   | Noticed Sonja
 17644 | Lair:4   | Killed Sonja
 17645 | Lair:4   | Reached skill level 8 in Shields
 17923 | Lair:4   | Noticed a five-headed hydra
 17937 | Lair:4   | HP: 20/108 [11-headed hydra (8)]
 17947 | Lair:4   | HP: 22/108 [17-headed hydra (8)]
 17949 | Lair:4   | You fall into a shaft and drop 1 floor!
 17949 | Lair:5   | Entered Level 5 of the Lair of Beasts
 18163 | Lair:5   | Identified a scroll of acquirement
 18167 | Lair:5   | Acquired the +0 pair of gloves "Citiedat" {rPois rC+++
                  | Slay+2 Stlth-}
 18194 | Lair:5   | Reached skill level 7 in Armour
 18212 | Lair:5   | Reached skill level 9 in Shields
 18212 | Lair:5   | Reached XP level 14. HP: 91/115 MP: 18/20
 18364 | Lair:4   | HP: 25/115 [17-headed hydra (10)]
 18366 | Lair:4   | HP: 8/115 [17-headed hydra (8)]
 18368 | Lair:4   | HP: 3/115 [17-headed hydra (1)]
 18370 | Lair:4   | Slain by a 17-headed hydra

Vanquished Creatures
  A fire dragon (Lair:1)
  A hydra (Lair:4)
  Erolcha (D:10)
  3 two-headed ogres
  A boulder beetle (Lair:5)
  Urug (Lair:3)
  Sonja (Lair:4)
  A wolf spider (Lair:2)
  2 manticores
  2 ugly things (D:12)
  A cyclops (D:11)
  3 black mambas
  A torpor snail (Lair:5)
  10 cane toads
  4 kobold demonologists
  4 komodo dragons
  2 polar bears (Lair:3)
  2 trolls
  3 hornets
  6 slime creatures (D:12)
  5 blink frogs (Lair:3)
  A culicivora (Lair:2)
  A spriggan (D:8)
  A vampire (D:12)
  Sigmund (D:5)
  5 wraiths
  Eustachio (D:6)
  4 wyverns
  29 yaks
  A redback (Lair:2)
  5 basilisks
  9 water moccasins
  2 acid dragons
  A sky beast (D:7)
  5 black bears
  An ice beast (D:7)
  5 orc warriors
  2 centaurs
  A phantom (D:7)
  26 wolves
  5 kobold brigands
  15 bullfrogs
  2 gnoll sergeants (D:9)
  6 scorpions
  4 wights (D:7)
  3 killer bees (D:9)
  9 howler monkeys
  A crimson imp (D:3)
  10 orc priests
  6 hounds
  2 jellies
  4 iguanas
  9 orc wizards
  A howler monkey zombie (D:3)
  17 adders
  15 gnolls
  5 river rats (Sewer)
  A white imp (D:6)
  An ufetubus (D:6)
  An adder zombie (D:3)
  2 adder skeletons (D:3)
  3 worms
  4 dart slugs
  58 orcs
  10 ball pythons
  5 bats
  4 endoplasms
  8 giant cockroaches
  5 goblins
  6 hobgoblins
  6 jackals
  25 kobolds
  5 quokkas
  2 ball python zombies (D:3)
  3 frilled lizards
  A giant cockroach zombie (D:3)
  A goblin skeleton (D:3)
  4 hobgoblin zombies (D:3)
  A kobold skeleton (D:3)
  A kobold zombie (D:3)
  2 orc skeletons (D:3)
  2 orc zombies (D:3)
  6 rats
437 creatures vanquished.

Vanquished Creatures (others)
  A kobold demonologist (D:11)
  4 yaks (D:11)
  A demonic plant (D:10)
  16 fungi
  49 plants
71 creatures vanquished.

Grand Total: 508 creatures vanquished

Table legend:
 A = Non-vault XP
 B = Vault XP
 C = Vault XP percentage of total XP
 D = Non-vault monster count
 E = Vault monster count
 F = Vault count percentage of total count
                 A         B        C        D         E       F
            +---------+---------+-------+---------+---------+-------
      Total |   36976 |    9830 |  21.0 |     331 |     106 |  24.3
            +---------+---------+-------+---------+---------+-------
        D:1 |      24 |       0 |   0.0 |      13 |       0 |   0.0
        D:2 |      77 |       0 |   0.0 |      20 |       0 |   0.0
        D:3 |     178 |     138 |  43.7 |      20 |      25 |  55.6
        D:4 |     281 |       0 |   0.0 |      29 |       0 |   0.0
        D:5 |     559 |     214 |  27.7 |      13 |       1 |   7.1
        D:6 |     274 |     208 |  43.2 |      14 |       1 |   6.7
        D:7 |    1802 |       0 |   0.0 |      32 |       0 |   0.0
        D:8 |    1805 |     220 |  10.9 |      28 |       1 |   3.4
        D:9 |    2509 |     596 |  19.2 |      28 |      32 |  53.3
       D:10 |    1725 |    1951 |  53.1 |      11 |       4 |  26.7
       D:11 |    1763 |       0 |   0.0 |       5 |       0 |   0.0
       D:12 |    4754 |       0 |   0.0 |      17 |       0 |   0.0
     Lair:1 |    5188 |    2013 |  28.0 |      27 |       5 |  15.6
     Lair:2 |    2714 |    1012 |  27.2 |      12 |       3 |  20.0
     Lair:3 |    4594 |    2201 |  32.4 |      24 |       7 |  22.6
     Lair:4 |    4852 |     782 |  13.9 |      26 |       1 |   3.7
     Lair:5 |    3877 |     265 |   6.4 |      12 |       1 |   7.7
      Sewer |       0 |     230 | 100.0 |       0 |      25 | 100.0
            +---------+---------+-------+---------+---------+-------

Illustrated notes

Table legend:
 A = Kills in this place as a percentage of kills in entire the game.
 B = Kills by you in this place as a percentage of kills by you in the entire game.
 C = Kills by friends in this place as a percentage of kills by friends in the entire game.
 D = Other kills in this place as a percentage of other kills in the entire game.
 E = Experience gained in this place as a percentage of experience gained in the entire game.
 F = Experience gained in this place divided by the number of levels of this place that you have seen.
                   A       B       C       D       E      F
               +-------+-------+-------+-------+-------+----------------------
         Total | 100.0 | 100.0 |   N/A |   N/A | 100.0 | 2463.5
       Dungeon |  67.3 |  67.3 |   N/A |   N/A |  40.8 | 1589.8
          Lair |  27.0 |  27.0 |   N/A |   N/A |  58.7 | 5499.6
         Sewer |   5.7 |   5.7 |   N/A |   N/A |   0.5 | 230.0
               +-------+-------+-------+-------+-------+----------------------

Table legend: (Time is in decaauts)
 A = Elapsed time spent in this place.
 B = Non-inter-level travel time spent in this place.
 C = Inter-level travel time spent in this place.
 D = Time resting spent in this place.
 E = Time spent auto-exploring this place.
 F = Levels seen in this place.
 G = Mean time per level.
                   A        B        C        D        E       F      G
               +--------+--------+--------+--------+--------+-----+--------+
         Total |  18280 |  17778 |    502 |    874 |  13862 |  19 |  962.1 |
       Dungeon |  11757 |  11325 |    432 |    787 |   8544 |  12 |  979.8 |
          Lair |   5219 |   5149 |     70 |     87 |   4319 |   5 | 1043.8 |
        Bazaar |    269 |    269 |      0 |      0 |    231 |   1 |  269.0 |
         Sewer |   1034 |   1034 |      0 |      0 |    767 |   1 | 1034.0 |
               +--------+--------+--------+--------+--------+-----+--------+

Top non-repeatable levels by time:
  Lair:1: 1543 daAuts
     D:8: 1444 daAuts
  Lair:2: 1238 daAuts
  Lair:3: 1222 daAuts
    D:11: 1135 daAuts
    D:12: 1124 daAuts
     D:9: 1101 daAuts
     D:5: 1083 daAuts
   Sewer: 1034 daAuts
     D:4: 1008 daAuts
    D:10: 1004 daAuts
     D:3: 966 daAuts
  Lair:4: 865 daAuts
     D:6: 777 daAuts
     D:7: 751 daAuts
